AoeStats
← Jan Itor

MegaRandom

510133507Analyzed
4v4 RM · 2d ago on Sep 29, 2026· 35m 21s· 8 players
Game mode
Random Map
Map size
Large (8 player)
Population
200
Speed
Normal
Resources
Standard
Victory
Conquest
Starting age
Dark Age
Ending age
Imperial Age
RankedLock teamsTeams togetherTeam positionsShared explorationLock speedFull tech treeHidden civsTurbo modeCheats
Victory
Defeat
🇫🇮 Varangians · Finland
2111
+8
🇫🇮 Saxons · Finland
2042
+10
🇩🇪 Danes · Germany
1841
+17
🇨🇿 Turks · Czechia
1767
+20
🇹🇼 Danes · Taiwan
1949
-16
🇹🇼 Varangians · Taiwan
1881
-13
🇹🇼 Saxons · Taiwan
1879
-13
🇹🇼 Saxons · Taiwan
1878
-13
[LuB]夢夢
8:32 Loom
10:43 Feudal Age
15:00 Castle Age
13:40 Double-Bit Axe
13:38 Horse Collar
16:46 Bow Saw
24:36 Scale Mail Armor
30:51 Squires
30:39 Arson
31:42 Chain Mail Armor
32:54 Wheelbarrow
32:57 Town Watch
GKT_Cloud
6:05 Loom
8:46 Feudal Age
9:24 Double-Bit Axe
10:24 Horse Collar
15:28 Scale Barding Armor
17:37 Bloodlines
19:42 Wheelbarrow
22:19 Castle Age
21:15 Forging
21:09 Gold Mining
22:22 Light Cavalry
23:24 Chain Barding Armor
23:05 Husbandry
23:16 Bow Saw
34:38 Hand Cart
35:09 Iron Casting
[LuB]a61
8:52 Loom
10:37 Feudal Age
15:56 Castle Age
14:24 Double-Bit Axe
15:05 Horse Collar
18:49 Bow Saw
27:18 Scale Mail Armor
29:39 Squires
30:26 Chain Mail Armor
32:07 Wheelbarrow
32:43 Ballistics
35:03 Fletching
DemonSheep
8:14 Feudal Age
7:19 Loom
11:21 Fletching
14:32 Double-Bit Axe
17:08 Padded Archer Armor
24:09 Castle Age
22:12 Horse Collar
23:36 Gold Mining
24:31 Town Watch
24:14 Crossbowman
24:51 Bodkin Arrow
25:09 Bow Saw
26:05 Ballistics
26:59 Wheelbarrow
32:52 Hand Cart
33:24 Thumb Ring
Velky kanec
9:48 Feudal Age
8:37 Loom
10:23 Feudal Age
14:56 Castle Age
12:55 Double-Bit Axe
13:17 Horse Collar
16:11 Bow Saw
16:05 Fletching
18:01 Bodkin Arrow
20:12 Gold Mining
21:55 Wheelbarrow
23:37 Husbandry
25:46 Gold Mining
26:38 Bloodlines
26:50 Heavy Plow
27:36 Town Watch
29:11 Ballistics
33:14 Imperial Age
31:30 Padded Archer Armor
32:42 Leather Archer Armor
32:55 Thumb Ring
33:57 Bracer
34:27 Parthian Tactics
34:59 Ring Archer Armor
34:25 Treadmill Crane
Villese
6:12 Loom
8:57 Feudal Age
9:25 Double-Bit Axe
10:23 Horse Collar
18:34 Castle Age
16:59 Stone Mining
17:28 Gold Mining
18:13 Scale Barding Armor
18:46 Bloodlines
19:39 Bow Saw
24:25 Wheelbarrow
29:21 Hand Cart
34:16 Imperial Age
32:15 Husbandry
33:15 Chain Barding Armor
33:36 Forging
33:27 Town Watch
34:49 Elite Jarl
TheMax
5:54 Loom
8:09 Feudal Age
6:43 Loom
8:45 Double-Bit Axe
10:10 Horse Collar
14:51 Town Watch
16:40 Scale Barding Armor
18:03 Bloodlines
19:38 Wheelbarrow
22:17 Castle Age
21:39 Bloodlines
22:04 Gold Mining
23:12 Bow Saw
23:05 Light Cavalry
24:04 Husbandry
29:38 Chain Barding Armor
29:37 Fletching
31:15 Forging
34:17 Bodkin Arrow
Jan Itor
6:39 Loom
8:55 Feudal Age
11:05 Fletching
22:20 Castle Age
21:00 Double-Bit Axe
22:17 Padded Archer Armor
22:23 Crossbowman
23:19 Leather Archer Armor
25:15 Bodkin Arrow
25:52 Ballistics
26:39 Horse Collar
28:12 Bow Saw
29:36 Husbandry
31:45 Town Watch
Connection lost

Rejoining the realm…

Still unreachable

The connection could not be restored.

Session expired

The server has moved on; the page needs a fresh start.